 Dungeon Crawl Stone Soup version 0.15.2 (webtiles) character file.

6812 kroki the Cruncher (level 10, -2/71 HPs)
             Began as a Mummy Berserker on Jan 31, 2015.
             Was the Champion of Trog.
             Slain by a two-headed ogre
             ... wielding a +0 giant spiked club
              (20 damage)
             ... on Level 3 of the Orcish Mines.
             The game lasted 00:27:37 (17944 turns).

kroki the Cruncher (Mummy Berserker)               Turns: 17944, Time: 00:27:38

HP  -2/71        AC 13     Str 20      XL: 10   Next: 77%
MP  17/17        EV  5     Int  6      God: Trog [******]
Gold 725         SH  0     Dex 14      Spells:  0 memorised,  9 levels left

rFire  x . .     SeeInvis .     g - +1 dire flail (drain)
rCold  + + .     Clarity  .     H - +0 plate armour (curse)
rNeg   + + +     rCorr    .     (no shield)
rPois  +         rRot     +     (no helmet)
rElec  .         Spirit   .     (no cloak)
SustAb .         Warding  .     (no gloves)
rMut   .         Stasis   .     s - +1 pair of boots
Gourm  .                        e - amulet of faith
MR     +....                    (no ring)
                                z - ring of protection from cold

@: somewhat resistant to hostile enchantments, extremely unstealthy
A: no food or potions, fire vulnerability, restore body, cold resistance 1,
negative energy resistance 3, poison resistance, torment resistance, unbreathing
a: Burn Spellbooks, Trog's Hand, Brothers in Arms, Renounce Religion


You were on level 3 of the Orcish Mines.
You worshipped Trog.
Trog was exalted by your worship.
You were not hungry.

You visited 3 branches of the dungeon, and saw 14 of its levels.

You collected 1143 gold pieces.
You spent 418 gold pieces at shops.

Inventory:

Hand weapons
 a - a +0 falchion
 g - a +1 dire flail of draining (weapon)
   (You took it off an orc warrior on level 9 of the Dungeon)
 r - a +0 blowgun
   (You took it off a kobold on level 4 of the Dungeon)
 v - a +3 quarterstaff of protection {god gift}
   (Trog gifted it to you on level 5 of the Dungeon)
 y - a +1 antimagic battleaxe {god gift}
   (Trog gifted it to you on level 6 of the Dungeon)
 J - a +4 antimagic falchion {god gift}
   (Trog gifted it to you on level 9 of the Dungeon)
Missiles
 d - 2 throwing nets {!f}
 f - 334 stones
 h - 13 poisoned needles
 j - 28 steel sling bullets
 n - 36 sling bullets
 o - 2 poisoned tomahawks
 p - 6 curare-tipped needles {!f}
 I - 4 tomahawks
 K - 2 silver tomahawks
 L - 2 tomahawks of returning (quivered)
 M - 4 poisoned javelins
 N - 3 javelins of penetration
Armour
 s - a +1 pair of boots (worn)
   (You found it on level 4 of the Dungeon)
 A - the -4 pair of gloves of Greater Demons {rF+}
   (You bought it in a shop on level 4 of the Dungeon)

   It protects you from fire.
 H - a cursed +0 plate armour (worn)
   (You took it off an orc warrior on level 8 of the Dungeon)
Magical devices
 q - a wand of cold (0)
   (You bought it in a shop on level 4 of the Dungeon)
 C - a wand of confusion (0)
   (You found it on level 8 of the Dungeon)
 E - a wand of confusion (3)
   (You found it on level 8 of the Dungeon)
Scrolls
 b - a scroll of noise {unknown}
 c - a scroll of immolation
 i - 5 scrolls of identify
 k - a scroll of magic mapping
 m - a scroll of remove curse
 t - 5 scrolls of teleportation
 w - a scroll of enchant weapon
 D - a scroll of fog
 G - a scroll of fear {unknown}
Jewellery
 e - an amulet of faith (around neck)
   (You found it on level 1 of the Dungeon)
 x - an uncursed amulet of rage
   (You found it on level 7 of the Dungeon)
 z - a ring of protection from cold (left hand)
   (You found it on level 7 of the Dungeon)
 B - an uncursed amulet of the gourmand {unknown}
   (You found it on level 7 of the Dungeon)
 F - an uncursed amulet of stasis {unknown}
   (You found it on level 8 of the Dungeon)
Books
 l - a book of Enchantments
   (You found it on level 7 of the Dungeon)

   Spells                             Type                      Level
   Tukima's Dance                     Hexes                        3
   Cause Fear                         Hexes                        4
   Silence                            Hexes/Air                    5
   Deflect Missiles                   Charms/Air                   6
   Haste                              Charms                       6
   Discord                            Hexes                        8
   Trog disapproves of the use of such an item.
 u - a book of Power
   (You found it on level 5 of the Dungeon)

   Spells                             Type                      Level
   Fulminant Prism                    Conjuration/Hexes            4
   Iskenderun's Mystic Blast          Conjuration                  4
   Venom Bolt                         Conjuration/Poison           5
   Bolt of Magma                      Conjuration/Fire/Earth       5
   Iron Shot                          Conjuration/Earth            6
   Orb of Destruction                 Conjuration                  7
   Trog disapproves of the use of such an item.


   Skills:
 + Level 4.0 Fighting
 - Level 3.8 Long Blades
 + Level 9.9 Staves
 - Level 7.4 Throwing
 + Level 3.0 Armour
 - Level 1.5 Dodging
 - Level 4.2 Evocations


You had 9 spell levels left.
You didn't know any spells.

Dungeon Overview and Level Annotations

Branches:
Dungeon (10/15)            Temple (1/1) D:5             Orc (3/4) D:9
    Elf: Orc:3-4       Lair: D:8-11

Altars:
Cheibriados
Elyvilon
Kikubaaqudgha
Makhleb
Okawaru
Sif Muna
Trog
Vehumet
Xom
Yredelemnul
Zin
The Shining One

Shops:
D:4 *   D:8 %   D:9 %


Innate Abilities, Weirdness & Mutations

You do not eat or drink.
Your flesh is vulnerable to fire.
Your flesh is cold resistant.
You are immune to negative energy.
Your system is resistant to poisons.
You are immune to unholy pain and torment.
You can survive without breathing.


Message History

An orc is nearby!
An orc is nearby!
Throwing (i - inventory. (,) - cycle):
L - 2 tomahawks of returning (quivered)
Press: ? - help, Shift-Dir - straight line, f/p - orc
Aim: an orc, wielding a club You throw a tomahawk of returning.
The tomahawk of returning barely misses the orc.
The tomahawk of returning returns to your pack!
An orc is nearby!
Throwing (i - inventory. (,) - cycle):
L - 2 tomahawks of returning (quivered)
Press: ? - help, Shift-Dir - straight line, f/p - orc
Aim: an orc, wielding a club You throw a tomahawk of returning.
The tomahawk of returning hits the orc.
The orc is moderately wounded.
The tomahawk of returning returns to your pack!
An orc is nearby!
Throwing (i - inventory. (,) - cycle):
L - 2 tomahawks of returning (quivered)
Press: ? - help, Shift-Dir - straight line, f/p - orc
Aim: an orc, wielding a club (moderately wounded)
You throw a tomahawk of returning. The tomahawk of returning hits the orc!
You kill the orc!
Trog accepts your kill.
The tomahawk of returning returns to your pack!
No target in view!
You now have 725 gold pieces (gained 13).
HP restored.
Key pressed, stopping explore.
Key pressed, stopping explore.
A two-headed ogre comes into view.
It is wielding a giant spiked club and a giant club.
Throwing (i - inventory. (,) - cycle):
L - 2 tomahawks of returning (quivered)
Press: ? - help, Shift-Dir - straight line, f - two-headed ogre
Aim: a two-headed ogre, wielding a giant spiked club and a giant club (hasn't noticed you)
You throw a tomahawk of returning.
The tomahawk of returning hits the two-headed ogre.
The two-headed ogre is lightly wounded.
The tomahawk of returning returns to your pack!
Throwing (i - inventory. (,) - cycle):
L - 2 tomahawks of returning (quivered)
Press: ? - help, Shift-Dir - straight line, f/p - two-headed ogre
Aim: a two-headed ogre, wielding a giant spiked club and a giant club (lightly wounded)
You throw a tomahawk of returning.
The tomahawk of returning hits the two-headed ogre!
The two-headed ogre is moderately wounded.
The tomahawk of returning returns to your pack!
A two-headed ogre is nearby!
You completely miss the two-headed ogre.
The two-headed ogre is moderately wounded.
The two-headed ogre hits you with a giant spiked club!!
The two-headed ogre hits you with a giant club!!
A two-headed ogre is nearby!
You are too injured to fight recklessly!
The two-headed ogre completely misses you.
The two-headed ogre hits you with a giant club!
* * * LOW HITPOINT WARNING * * *
You hit the plant.
The plant is lightly damaged.
You hit the plant.
The plant is lightly damaged.
The two-headed ogre barely misses you.
The two-headed ogre hits you with a giant club.
* * * LOW HITPOINT WARNING * * *
You bludgeon the plant!!
The plant is heavily damaged.
The two-headed ogre hits you with a giant spiked club!!
You die...

##...##.......##.#
##....#.........#.#
#............).####
##.............###
####.............#
#..#......<.....##
......#))........##
................P.####
#...............@O...#
#................###.#
##......).........# .
#................#
##...............#
##...)#..........#
#.....#...P...##.#
##.....#.....#####
#..)#.###...##


You could see a two-headed ogre.

Vanquished Creatures
  An item mimic (D:9)
  A spriggan (D:7)
  A wyvern (D:9)
  A warg (Orc:3)
  A swamp drake (D:9)
  11 orc warriors
  3 black bears
  2 ice beasts
  A phantom (D:4)
  6 ogres
  2 sky beasts
  A necrophage (D:9)
  4 centaurs
  Blork the orc (Orc:1)
  3 giant frogs
  A wyvern zombie (D:9)
  2 big kobolds
  2 scorpions
  A yak zombie (D:9)
  2 crimson imps
  4 hounds
  18 orc priests
  3 goliath beetles
  4 gnoll shamans (D:3)
  3 iguanas
  13 orc wizards
  9 worker ants
  42 gnolls
  9 adders
  4 giant mites
  2 worms (D:3)
  2 adder skeletons
  5 giant geckos
  4 oozes
  120 orcs
  12 bats
  A bat zombie (D:6)
  7 giant cockroaches
  16 goblins
  18 hobgoblins
  28 jackals
  20 kobolds
  2 ball pythons (D:3)
  A giant gecko skeleton (D:7)
  7 giant newts
  A goblin skeleton (D:5)
  A hobgoblin skeleton (D:7)
  A kobold skeleton (D:5)
  An orc zombie (D:6)
  A quokka (D:3)
  7 rats
  A rat skeleton (D:7)
  3 ballistomycetes (D:9)
  A butterfly (D:5)
418 creatures vanquished.

Vanquished Creatures (collateral kills)
  A two-headed ogre (D:8)
  An orc warrior (Orc:1)
  2 ogres
  2 orc priests (Orc:1)
  4 orcs (Orc:1)
  2 hobgoblins (D:3)
12 creatures vanquished.

Vanquished Creatures (others)
  A giant spore (D:9)
  A plant (Orc:3)
2 creatures vanquished.

Grand Total: 432 creatures vanquished

Notes
Turn   | Place    | Note
--------------------------------------------------------------
     0 | D:1      | kroki, the Mummy Berserker, began the quest for the Orb.
     0 | D:1      | Reached XP level 1. HP: 18/18 MP: 1/1
   426 | D:1      | Reached XP level 2. HP: 24/24 MP: 2/2
   535 | D:1      | Reached skill level 3 in Long Blades
  1395 | D:2      | Reached XP level 3. HP: 6/29 MP: 3/3
  1662 | D:2      | Found a burning altar of Makhleb.
  2663 | D:3      | Reached XP level 4. HP: 18/35 MP: 4/4
  2664 | D:3      | Reached skill level 1 in Staves
  2836 | D:3      | Acquired Trog's second power
  2978 | D:3      | Reached skill level 2 in Staves
  3360 | D:3      | Reached XP level 5. HP: 39/41 MP: 5/5
  3776 | D:3      | Noticed an ogre
  3820 | D:3      | Reached skill level 3 in Staves
  3847 | D:3      | Reached XP level 6. HP: 29/47 MP: 6/6
  3936 | D:3      | Reached skill level 4 in Staves
  4932 | D:3      | Reached skill level 5 in Staves
  5009 | D:3      | Reached XP level 7. HP: 33/52 MP: 7/7
  5123 | D:3      | Acquired Trog's third power
  5399 | D:3      | Killed an ogre
  5789 | D:3      | Received a gift from Trog
  6055 | D:3      | Reached skill level 1 in Throwing
  6093 | D:3      | Noticed an orc warrior
  6469 | D:4      | Reached skill level 6 in Staves
  6477 | D:4      | Found Ihuvun's Assorted Antiques.
  6506 | D:4      | Reached skill level 2 in Throwing
  6525 | D:4      | Bought a scroll labeled PREGOP NOUR for 27 gold pieces
  6525 | D:4      | Bought a scroll labeled SCHUIZ ADAISAMA for 27 gold pieces
  6526 | D:4      | Bought a runed copper wand for 108 gold pieces
  6766 | D:4      | Reached XP level 8. HP: 53/58 MP: 8/8
  6803 | D:4      | Got a distressingly furry leather armour
  7017 | D:4      | Found a snail-covered altar of Cheibriados.
  7275 | D:5      | Entered Level 5 of the Dungeon
  7295 | D:5      | Reached skill level 3 in Throwing
  7336 | D:5      | Found a shimmering altar of Xom.
  7614 | D:5      | Found a staircase to the Ecumenical Temple.
  7777 | D:5      | Received a gift from Trog
  8056 | D:5      | Reached skill level 7 in Staves
  8284 | D:5      | Reached skill level 4 in Throwing
  8725 | D:6      | Reached skill level 5 in Throwing
  8725 | D:6      | Reached XP level 9. HP: 63/63 MP: 9/9
  9161 | D:6      | Received a gift from Trog
  9633 | D:7      | Identified the +1 leather armour of Qoicac {Str+2 Dex+3} (You found it on level 4 of the Dungeon)
  9718 | D:4      | Bought a pair of polished gloves for 256 gold pieces
  9724 | D:4      | Identified the cursed -4 pair of gloves of Greater Demons {rF+} (You bought it in a shop on level 4 of the Dungeon)
  9895 | Temple   | Entered the Ecumenical Temple
 10377 | D:7      | Reached skill level 8 in Staves
 11500 | D:8      | Reached skill level 6 in Throwing
 12124 | D:8      | Got a turquoise-studded leather armour
 12191 | D:8      | Found Ronet's Food Shop.
 12195 | D:8      | Identified the cursed -4 leather armour of the Eight Boll Weevils {rC++} (You found it on level 8 of the Dungeon)
 12403 | D:8      | Received a gift from Trog
 12449 | D:9      | Reached skill level 9 in Staves
 12631 | D:9      | Found Yraelur's Food Shop.
 13112 | D:9      | Reached skill level 7 in Throwing
 13245 | D:9      | Killed a scroll of identify mimic
 13245 | D:9      | Reached XP level 10. HP: 34/70 MP: 10/10
 13789 | D:9      | Found an iron altar of Okawaru.
 13878 | D:9      | Received a gift from Trog
 14040 | D:9      | Found a staircase to the Orcish Mines.
 14173 | D:9      | Reached skill level 1 in Evocations
 14216 | D:9      | Received a gift from Trog
 14556 | D:9      | Reached skill level 2 in Evocations
 14765 | D:10     | Entered Level 10 of the Dungeon
 14859 | Orc:1    | Entered Level 1 of the Orcish Mines
 14868 | Orc:1    | Reached skill level 3 in Evocations
 15376 | Orc:1    | Reached skill level 4 in Evocations
 15537 | Orc:1    | Received a gift from Trog
 15643 | Orc:2    | Received a gift from Trog
 15895 | Orc:1    | Noticed Blork the orc
 15906 | Orc:1    | Killed Blork the orc
 15923 | Orc:1    | Found a glowing golden altar of the Shining One.
 16091 | Orc:1    | Reached skill level 2 in Armour
 16673 | Orc:2    | Received a gift from Trog
 17627 | Orc:3    | Received a gift from Trog
 17785 | Orc:3    | Reached skill level 4 in Fighting
 17809 | Orc:3    | Reached skill level 3 in Armour
 17944 | Orc:3    | Slain by a two-headed ogre

Action                   |  1- 3 |  4- 6 |  7- 9 | 10-12 || total
-------------------------+-------+-------+-------+-------++-------
Melee: Falchion          |    85 |       |       |       ||    85
       Quarterstaff      |    27 |   287 |   470 |   154 ||   938
       Dire flail        |       |       |       |   216 ||   216
 Fire: Blowgun           |       |       |     2 |    19 ||    21
Throw: Stone             |    54 |    89 |    31 |    31 ||   205
       Tomahawk          |       |     5 |    11 |    81 ||    97
       Throwing net      |       |     1 |     4 |       ||     5
       Javelin           |       |       |   306 |     5 ||   311
Invok: Trog's Hand       |       |     5 |     2 |     3 ||    10
       Brothers in Arms  |       |       |     2 |     1 ||     3
Evoke: Wand              |       |       |     3 |    31 ||    34
  Use: Scroll            |       |     9 |    11 |       ||    20
 Stab: Confused          |       |       |       |    12 ||    12
